 Dungeon Sprint DCSS version 0.21.1-1-g345015f (webtiles) character file.

71 Mgcat the Digger (level 4, -6/30 HPs)
             Began as a Gargoyle Earth Elementalist on Feb 8, 2018.
             Was an Initiate of Vehumet.
             Shot with an arrow by a centaur (8 damage)
             ... in the Dungeon (Sprint V: "Ziggurat Sprint").
             The game lasted 00:06:59 (321 turns).

Mgcat the Digger (Gargoyle Earth Elementalist)       Turns: 321, Time: 00:06:59

Health: -6/30      AC:  7    Str: 12    XL:     4   Next: 24%
Magic:  9/15       EV: 13    Int: 34    God:    Vehumet [......]
Gold:   0          SH:  0    Dex: 10    Spells: 6/10 levels left

rFire    . . .     SeeInvis .   y - +6 Majin-Bo {vamp, Archmagi MP+6 Int+6}
rCold    . . .     Gourm    .   (shield currently unavailable)
rNeg     + . .     Faith    .   c - +2 robe
rPois    ∞         Spirit   .   (no helmet)
rElec    +         Reflect  .   (no cloak)
rCorr    .         Harm     .   (no gloves)
MR       .....     NoTele   +   (no boots)
Stlth    ++........             (no amulet)
HPRegen  0.10/turn              r - +6 ring of intelligence
MPRegen  0.14/turn              s - +6 ring of intelligence

@: no status effects
A: negative energy resistance 1, electricity resistance, unbreathing,
petrification resistance, rot immunity, AC +3
a: Renounce Religion


You were in the Dungeon.
You worshipped Vehumet.
Vehumet was noncommittal.
You were not hungry.

You visited 1 branch

Inventory:

Hand Weapons
 y - the +6 Majin-Bo (weapon) {vamp, Archmagi MP+6 Int+6}
   (You found it in the Dungeon)

   It inflicts no extra harm, but heals its wielder when it wounds a living foe.
   It affects your intelligence (+6).
   It affects your magic capacity (+6).
Missiles
 b - 27 stones (quivered)
Armour
 c - a +2 robe (worn)
Magical Staves
 n - an uncursed staff of energy {+MP, hungerless spells, !d!a@w1}
   (You found it in the Dungeon)
Jewellery
 r - a +6 ring of intelligence (left hand)
   (You found it in the Dungeon)
 s - a +6 ring of intelligence (right hand)
   (You found it in the Dungeon)
Wands
 a - a wand of disintegration (7)
   (You found it in the Dungeon)
 l - a wand of iceblast (7)
   (You found it in the Dungeon)
 m - a wand of acid (7)
   (You found it in the Dungeon)
Scrolls
 j - 4 scrolls of blinking {!r}
 o - 4 scrolls of amnesia
 p - 7 scrolls of fog
 q - a scroll of holy word {!r}
 t - 5 scrolls of identify
 u - 5 scrolls of remove curse
 v - 2 scrolls of fear
 x - 2 scrolls of enchant armour
Potions
 e - 10 potions of curing
 f - 10 potions of heal wounds
 g - 6 potions of haste
 h - 7 potions of magic
 i - 3 potions of berserk rage {!q}
 w - 2 potions of brilliance
 z - 2 potions of invisibility
 A - 4 potions of resistance
 C - 5 potions of agility
 D - 5 potions of might
Books
 k - a book of Geomancy
 B - a book of Geomancy
   (You found it in the Dungeon)
Comestibles
 d - 6 rations


   Skills:
 - Level 4.4 Fighting
 + Level 4.8 Dodging
 - Level 2.1 Stealth
 + Level 3.6 Spellcasting
 + Level 0.0 Conjurations
   Level 0.7 Transmutations
 + Level 7.5 Earth Magic


You had 6 spell levels left.
You knew the following spells:

 Your Spells              Type           Power        Failure   Level  Hunger
a - Sandblast             Erth           ######       1%          1    None
b - Stone Arrow           Conj/Erth      #####.       3%          3    ##.....


Dungeon Overview and Level Annotations

Branches:
Dungeon (1/1)

Altars:
Ashenzari
Cheibriados
Dithmenos
Elyvilon
Fedhas
Gozag
Hepliaklqana
Kikubaaqudgha
Makhleb
Nemelex Xobeh
Okawaru
Qazlal
Ru
Sif Muna
Trog
Uskayaw
Vehumet
Wu Jian
Xom
Yredelemnul
Zin
The Shining One
Beogh
Jiyva
Lugonu

Annotations:
D 1 transporter


Innate Abilities, Weirdness & Mutations

You are resistant to torment.
Your stone body is resilient. (AC +3)
You are immune to poison.
You resist negative energy. (rN+)
You are resistant to electric shocks. (rElec)
You can survive without breathing.
You are immune to petrification.
You are immune to rotting.


Message History

Press: ? - help, Shift-Dir - straight line, f - quasit
Aim: a quasit You feel a surge of power!
The blast of sand misses the quasit.
b - 29 stones The quasit bites you.
The quasit claws you but does no damage. x2
Casting: Sandblast
Confirm with . or Enter, or press ? or * to list all spells.
Aiming: Sandblast
Press: ? - help, Shift-Dir - straight line, f/p - quasit
Aim: a quasit You feel a surge of power!
The blast of sand misses the quasit.
The blast of sand hits the crimson imp.
You kill the crimson imp!
Vehumet accepts your kill.
Your Dodging skill increases to level 4!
You have reached level 3!
Your experience leads to an increase in your attributes!
Your base attributes are Str 11, Int 15, Dex 10.
Increase (S)trength, (I)ntelligence, or (D)exterity?
You feel clever.
b - 28 stones The quasit misses you.
The quasit closely misses you. The quasit misses you.
You sock the quasit!
The quasit is almost dead.
The quasit bites you.
The quasit claws you but does no damage. x2
The quasit closely misses you. The quasit barely misses you. x2
Unknown command.
Unknown command.
Unknown command.
Casting: Sandblast
Confirm with . or Enter, or press ? or * to list all spells.
Aiming: Sandblast
Press: ? - help, Shift-Dir - straight line, f/p - quasit
Aim: a quasit (almost dead)
You feel a surge of power!
The blast of sand hits the quasit.
You kill the quasit!
Vehumet accepts your kill.
Your Spellcasting skill increases to level 3!
Your Earth Magic skill increases to level 7!
You have reached level 4!
You feel stronger.
b - 27 stones Memorise Stone Arrow, consuming 3 spell levels and leaving 6?
You start memorising the spell.
You continue memorising. x3
You finish memorising.
Spell assigned to 'b'.
Unknown command.
x - 4 scrolls of enchant armour
As you read the scroll of enchant armour, it crumbles to dust.
Your +0 robe glows green for a moment.
As you read the scroll of enchant armour, it crumbles to dust.
Your +1 robe glows green for a moment.
You aren't carrying any armour which can be enchanted further.
There isn't anything here!
Unknown command.
You aren't carrying any armour which can be enchanted further.
Unknown command.
Unknown command.
Unknown command.
You see here a book of Geomancy.
Okay, then.
Unknown command.
You see here a book of Geomancy.
B - a book of Geomancy
There is a transporter here.
Okay, then.
Unknown command.
Unknown command.
Unknown command.
Unknown command.
Welcome to arena 2.
You enter the transporter and appear at another place. 2 centaurs and a yaktaur come into view.
Casting: Sandblast
Confirm with . or Enter, or press ? or * to list all spells.
You can't see any susceptible monsters within range! (Use Z to cast anyway.)
Casting: Sandblast
Confirm with . or Enter, or press ? or * to list all spells.
You can't see any susceptible monsters within range! (Use Z to cast anyway.)
The centaur shouts! x2
The centaur wields a shortbow.
The centaur shoots an arrow.
The arrow hits you but does no damage.
The centaur wields a glowing shortbow.
It is covered in frost.
The centaur shoots an arrow.
The arrow hits you. The arrow freezes you.
You see here 2 arrows.
Casting: Sandblast
Confirm with . or Enter, or press ? or * to list all spells.
Aiming: Stone Arrow
Press: ? - help, Shift-Dir - straight line, f - yaktaur
Aim: a yaktaur You feel a surge of power!
The stone arrow hits the yaktaur.
The yaktaur is moderately wounded.
The centaur shoots an arrow.
The arrow barely misses you.
The centaur shoots an arrow.
The arrow misses you.
The yaktaur wields an arbalest.
The yaktaur shoots a bolt.
The bolt hits you!
Ouch! That really hurt!
* * * LOW HITPOINT WARNING * * *
The centaur shoots an arrow.
The arrow hits you!
You die...

▓▓▓▓▓▓▓▓▓▓▓▓▓
▓.8©8.▓.8©8.▓
▓.c=c.▓.....▓
▓..c..▓.....▓
▓.....▓.....▓
▓.....▓.....▓
▓..@..▓..©..▓
▓..©..▓▓▓▓▓▓▓
▓▓▓▓▓▓▓


You could see a yaktaur and 2 centaurs.

Vanquished Creatures
  A crimson imp (D)
  A quasit (D)
2 creatures vanquished.

Notes
Turn   | Place    | Note
-------+----------+-------------------------------------------
     0 | D        | Found the +6 Majin-Bo {vamp, Archmagi MP+6 Int+6}
     0 | D        | Found the +7 great mace "Firestarter" {inner flame, rF++}
     0 | D        | Mgcat the Gargoyle Earth Elementalist began the quest for the Orb.
     0 | D        | Reached XP level 1. HP: 10/10 MP: 3/3
     1 | D        | Found a blossoming altar of Fedhas.
     2 | D        | Found a transporter.
     2 | D        | Found a viscous altar of Jiyva.
     2 | D        | Found an ancient bone altar of Kikubaaqudgha.
     2 | D        | Found a hazy altar of Hepliaklqana.
     2 | D        | Found a corrupted altar of Lugonu.
     2 | D        | Found an opulent altar of Gozag.
     2 | D        | Found a burning altar of Makhleb.
     5 | D        | Found a stormy altar of Qazlal.
     5 | D        | Found an iron altar of Okawaru.
     5 | D        | Found a sacrificial altar of Ru.
     5 | D        | Found a sparkling altar of Nemelex Xobeh.
     5 | D        | Found a deep blue altar of Sif Muna.
     5 | D        | Found a bloodstained altar of Trog.
    18 | D        | Became a worshipper of Vehumet
    33 | D        | Found the +9 heavy crossbow "Sniper" {velocity, Acc+∞ SInv}
    33 | D        | Found the +10 dark maul {crush}
    33 | D        | Found the +15 Maxwell's patent armour {-Cast -Tele rElec MR+ rCorr}
    33 | D        | Found the +18 shield of the Gong {rElec rN+ MR+ EV-5}
    33 | D        | Found the cursed +14 obsidian axe {chop, +Fly SInv *Curse}
    35 | D        | Found the +6 shillelagh "Devastator" {shatter}
    35 | D        | Found the +11 plutonium sword {*Contam Stlth-}
    35 | D        | Found the +8 lance "Wyrmbane" {slay drac, rPois rF+ rC+ AC+3}
    35 | D        | Found the +9 sword of Zonguldrok {reap}
    35 | D        | Found the cursed +13 scythe of Curses {drain, *Curse}
    35 | D        | Found the +0 sword of Power
    35 | D        | Found the +15 mace of Variability {chaos}
    35 | D        | Found the +7 Singing Sword
    35 | D        | Found the +7 longbow "Piercer" {penet, EV-2}
    81 | D        | Reached skill level 4 in Fighting
    81 | D        | Reached skill level 3 in Dodging
    81 | D        | Reached skill level 6 in Earth Magic
    81 | D        | Reached XP level 2. HP: 20/20 MP: 5/5
   297 | D        | Entered arena 2.
   297 | D        | Noticed a crimson imp
   297 | D        | Found a transporter.
   299 | D        | Killed a crimson imp
   299 | D        | Reached skill level 4 in Dodging
   299 | D        | Reached XP level 3. HP: 21/24 MP: 7/7
   301 | D        | Reached skill level 3 in Spellcasting
   301 | D        | Reached skill level 7 in Earth Magic
   301 | D        | Reached XP level 4. HP: 24/30 MP: 9/9
   306 | D        | Learned a level 3 spell: Stone Arrow
   319 | D        | Entered arena 3.
   319 | D        | Noticed a centaur
   319 | D        | Noticed a yaktaur
   319 | D        | Noticed a centaur
   319 | D        | Found a transporter.
   321 | D        | HP: 2/30 [yaktaur/bolt (17)]
   321 | D        | Shot with an arrow by a centaur

Skill      XL: |  1  2  3 |
---------------+----------+-----
Fighting       | 4 |  4.4
Dodging        | 3 4 |  4.8
Earth Magic    | 6 7 |  7.5
Spellcasting   | 3 |  3.6
Stealth        | |  2.1
Transmutations | |  0.7

Action                   |  1- 3 |  4- 6 || total
-------------------------+-------+-------++-------
Melee: Quarterstaff      |     1 |       ||     1
 Cast: Sandblast         |     2 |     1 ||     3
       Stone Arrow       |       |     1 ||     1
  Use: Potion            |     1 |       ||     1
       Scroll            |       |     2 ||     2
  Eat: Ration            |     1 |       ||     1
Armor: Robe              |     4 |     1 ||     5
Dodge: Dodged            |     6 |     2 ||     8

Vault maps used:
D:        sprint_v

Table legend:
 A = Turns spent in this place as a percentage of turns spent in the entire game.
 B = Non-inter-level travel turns spent in this place as a percentage of non-inter-level travel turns spent in the entire game.
 C = Inter-level travel turns spent in this place as a percentage of turns spent in this place.
 D = Turns resting spent in this place as a percentage of non-inter-level travel turns spent in this place.
 E = Turns spent auto-exploring this place as a percentage of non-inter-level travel turns spent in this place.
 F = Non-inter-level travel turns spent in this place divided by the number of levels of this place that you've seen.
                   A       B       C       D       E      F
               +-------+-------+-------+-------+-------+----------------------
         Total | 100.0 | 100.0 |   0.0 |  19.0 |   0.0 | 321.0
       Dungeon | 100.0 | 100.0 |   0.0 |  19.0 |   0.0 | 321.0
               +-------+-------+-------+-------+-------+----------------------

Table legend:
 A = Kills in this place as a percentage of kills in entire the game.
 B = Kills by you in this place as a percentage of kills by you in the entire game.
 C = Kills by friends in this place as a percentage of kills by friends in the entire game.
 D = Other kills in this place as a percentage of other kills in the entire game.
 E = Experience gained in this place as a percentage of experience gained in the entire game.
 F = Experience gained in this place divided by the number of levels of this place that you have seen.
                   A       B       C       D       E      F
               +-------+-------+-------+-------+-------+----------------------
         Total | 100.0 | 100.0 |   N/A |   N/A | 100.0 |  92.0
       Dungeon | 100.0 | 100.0 |   N/A |   N/A | 100.0 |  92.0
               +-------+-------+-------+-------+-------+----------------------
